 Dungeon Crawl Stone Soup version 0.31-a0-868-g674d60d6f7 (webtiles) character file.

Game seed: 2032363102889007429

51 kae the Vexing (level 3, -3/25 HPs)
             Began as a Demonspawn Enchanter on Oct 11, 2023.
             Killed by nerve-wracking pain
             ... invoked by Jessica
              (14 damage)
             ... on level 2 of the Dungeon.
             The game lasted 00:00:57 (639 turns).

kae the Vexing (Demonspawn Enchanter)                Turns: 639, Time: 00:00:57

Health: -3/25      AC:  2    Str:  8    XL:     3   Next: 57%
Magic:  0/6        EV: 12    Int: 18    God:
Gold:   50         SH:  0    Dex: 13    Spells: 4/6 levels left

rFire   . . .        a - +1 dagger
rCold   . . .        (no shield)
rNeg    . . .        b - +0 robe
rPois   .            (no helmet)
rElec   .            (no cloak)
rCorr   .            (no gloves)
SInv    .            (no boots)
Will    .....        (no amulet)
Stlth   ++           (no ring)
HPRegen 0.24/turn    (no ring)
MPRegen 0.10/turn

%: no passive effects
@: no status effects
A: hooves 2
a: no special abilities


You were on level 2 of the Dungeon.
You visited 1 branch of the dungeon, and saw 2 of its levels.

You collected 50 gold pieces.


Innate Abilities, Weirdness & Mutations

You have hoof-like feet.


   Skills:
 + Level 0.7 Fighting
 * Level 1.6 Short Blades
 + Level 2.1 Dodging
 + Level 2.9 Stealth
 + Level 2.1 Spellcasting
 * Level 3.5 Hexes
 + Level 0.3 Ice Magic


You had 4 spell levels left.
You knew the following spells:

 Your Spells              Type           Power      Damage    Failure   Level
a - Ensorcelled Hibernat  Hex/Ice        16%        N/A       12%         2

Your spell library contained the following spells:

 Spells                   Type           Power      Damage    Failure   Level
 Confusing Touch          Hex            14%        N/A       13%         3
 Tukima's Dance           Hex            14%        N/A       13%         3
 Dazzling Flash           Conj/Hex       16%        N/A       26%         3
 Gell's Gravitas          Tloc           1%         N/A       47%         3
 Teleport Other           Tloc           1%         N/A       47%         3
 Dispersal                Tloc           0%         N/A       100%        6

Inventory:

Hand Weapons
 a - a +1 dagger (weapon)
Missiles
 d - 4 stones
 g - 2 poisoned darts
Armour
 b - a +0 robe (worn)
Scrolls
 e - a scroll of poison {unknown}
 i - a scroll of identify {unknown}
 j - a scroll of noise {unknown}
Potions
 c - 2 potions of invisibility
 f - 2 potions of curing {unknown}
 h - a potion of haste {unknown}
 k - a potion of degeneration {unknown}

Dungeon Overview and Level Annotations

Branches:
Dungeon (2/15) Zot: 11362

Altars:

Annotations:
D:2 Jessica

#>.. ##...###.#
#...######.........
#...$:...........#.
#####.)..###.......#...
..............#........
..............).......
.............#........
####....###..#........
#.......@.@........
#...#####......#..#
#...########......#
##### #.......# $###...
##.>.###...###.# .# ##
##........###
#.......#.# #.<.....#.#
#.^...........


You could see Jessica.


Message History

You can't see any susceptible monsters within range! (Use Z to cast anyway.) Unknown command.
Casting: Ensorcelled Hibernation (safe; 13% risk of failure)
Confirm with . or Enter, or press ? or * to list all spells.
You can't see any susceptible monsters within range! (Use Z to cast anyway.)
The helpless adder fails to defend itself.
You puncture the adder!
You kill the adder!
You feel sick. 😮 HP[-2]
You take 2 damage, and now have 14/25 hp.
Unknown command.
You start resting.
You feel sick. x5
You are no longer poisoned. 😨 HP[-4]
You take 4 damage, and now have 10/25 hp.
There is a stone staircase leading up here. 😮 HP[+3] MP[+1]
You regained 3 hp, and now have 13/25 hp.
You climb upwards.
There is a stone staircase leading down here. 😮 MP[+1]
Your mp is fully restored (6).
Done exploring. 😕 HP[+8]
You regained 8 hp, and now have 21/25 hp.
Done exploring.
Done exploring.
Done exploring.
You climb downwards.
There is a stone staircase leading up here.
Found a stone staircase leading down. 😎 HP[+4]
Your hp is fully restored (25).
No target in view!
No target in view!
A goblin comes into view. It is wielding a +0 dagger.
A goblin is nearby!
A goblin is nearby!
A hobgoblin comes into view.
The hobgoblin shouts!
There are monsters nearby!
There are monsters nearby!
Jessica the Apprentice Sorceress comes into view.
She is wielding a +0 dagger.
The hobgoblin misses you.
Jessica shouts!
The goblin shouts!
You hit the hobgoblin. The hobgoblin hits you. 😕 HP[-5]
You take 5 damage, and now have 20/25 hp. 😕 HP[+1] Unknown command.
You barely miss the hobgoblin. You kick the hobgoblin.
You kill the hobgoblin!
You hit the goblin.
Jessica gestures wildly while chanting.
Jessica blinks!
The goblin hits you with a +0 dagger. 😕 HP[-2]
You take 2 damage, and now have 19/25 hp.
You hit the goblin.
You kill the goblin! 😕 HP[+1]
You start resting. 😕 HP[+1]
You start resting.
Jessica is nearby!
Jessica misses you.
Casting: Ensorcelled Hibernation (safe; 12% risk of failure)
Confirm with . or Enter, or press ? or * to list all spells.
Aiming: Ensorcelled Hibernation (safe; 12% risk of failure)
Press: ? - help, Shift-Dir - straight line, f - Jessica
Aim: Jessica, wielding a +0 dagger and wearing a +0 robe (chance to affect: 50%) Jessica resists with some effort.
Jessica hits you with a +0 dagger. 😮 HP[-5] MP[-2]
You take 5 damage, and now have 16/25 hp.
You lost 2 mp, and now have 4/6 mp.
Casting: Ensorcelled Hibernation (safe; 12% risk of failure)
Confirm with . or Enter, or press ? or * to list all spells.
Aiming: Ensorcelled Hibernation (safe; 12% risk of failure)
Press: ? - help, Shift-Dir - straight line, f/p - Jessica
Aim: Jessica, wielding a +0 dagger and wearing a +0 robe (chance to affect: 50%) Jessica resists with some effort.
Jessica misses you. 😮 MP[-2]
You lost 2 mp, and now have 2/6 mp.
Casting: Ensorcelled Hibernation (safe; 12% risk of failure)
Confirm with . or Enter, or press ? or * to list all spells.
Aiming: Ensorcelled Hibernation (safe; 12% risk of failure)
Press: ? - help, Shift-Dir - straight line, f/p - Jessica
Aim: Jessica, wielding a +0 dagger and wearing a +0 robe (chance to affect: 50%) Jessica resists with some effort.
Jessica hits you with a +0 dagger.
* * * LOW HITPOINT WARNING * * *
😨 HP[-5] MP[-2]
You take 5 damage, and now have 11/25 hp.
You lost 2 mp, and now have 0/6 mp.
Unknown command.
Okay, then.
Okay, then.
Jessica points at you and mumbles some strange words.
Pain shoots through your body!
Ouch! That really hurt!
You die...

Skill      XL: |  1  2 |
---------------+-------+-----
Short Blades   | 1 |  1.6
Dodging        | 2 |  2.1
Fighting       | |  0.7
Stealth        | |  2.9
Spellcasting   | |  2.1
Hexes          | |  3.5
Ice Magic      | |  0.3

Action                     || total
---------------------------++-------
  Melee: Dagger            ||    78
         Kick              ||    14
   Cast: Ensorcelled Hiber ||     4
   Stab: Sleeping          ||     4
 Armour: Robe              ||    45
  Dodge: Dodged            ||    46

Levels and vault maps discovered:
D:1:      elethiomel_arrival_quiet, layout_rooms,
          shapermc_ecumenical_altar_acropolis
D:2:      layout_loops_cross, grunt_ministairs_10, pf_guarded_unrand_woodcutter,
          uniq_jessica

Notes
Turn   | Place    | Note
-------+----------+-------------------------------------------
     0 | D:1      | kae the Demonspawn Enchanter began the quest for the Orb.
     0 | D:1      | Reached XP level 1. HP: 13/13 MP: 3/3
     0 | D:1      | magus.rc [v1.11.3]
    59 | D:1      | Reached skill level 1 in Short Blades
   148 | D:1      | Gained mutation: You have large cloven feet. [demonic
                  | ancestry]
   148 | D:1      | Reached XP level 2. HP: 16/19 MP: 5/5
   168 | D:1      | Learned a level 2 spell: Ensorcelled Hibernation
   243 | D:1      | Reached skill level 2 in Dodging
   403 | D:1      | Gained mutation: You have hoof-like feet. [demonic
                  | ancestry]
   403 | D:1      | Reached XP level 3. HP: 25/25 MP: 6/6
   408 | D:1      | You add the spells Gell's Gravitas, Teleport Other and
                  | Dispersal to your library.
   511 | D:1      | Found a faded altar of an unknown god.
   621 | D:2      | Noticed Jessica
   639 | D:2      | Killed from afar by Jessica

Vanquished Creatures
  2 adders (D:2)
  A dart slug (D:1)
  5 bats (D:1)
  2 endoplasms (D:1)
  A giant cockroach (D:1)
  4 goblins
  3 hobgoblins
  4 kobolds (D:1)
  A quokka (D:1)
  A ball python (D:1)
  2 rats
26 creatures vanquished.

Table legend:
 A = Non-vault XP
 B = Vault XP
 C = Vault XP percentage of total XP
 D = Non-vault monster count
 E = Vault monster count
 F = Vault count percentage of total count
                 A         B        C        D         E       F
            +---------+---------+-------+---------+---------+-------
      Total |      73 |       0 |   0.0 |      26 |       0 |   0.0
            +---------+---------+-------+---------+---------+-------
        D:1 |      41 |       0 |   0.0 |      21 |       0 |   0.0
        D:2 |      32 |       0 |   0.0 |       5 |       0 |   0.0
            +---------+---------+-------+---------+---------+-------

Skill      XL: |  1  2 |
---------------+-------+-----
Short Blades   | 1 |  1.6
Dodging        | 2 |  2.1
Fighting       | |  0.7
Stealth        | |  2.9
Spellcasting   | |  2.1
Hexes          | |  3.5
Ice Magic      | |  0.3

Action                     || total
---------------------------++-------
  Melee: Dagger            ||    78
         Kick              ||    14
   Cast: Ensorcelled Hiber ||     4
   Stab: Sleeping          ||     4
 Armour: Robe              ||    45
  Dodge: Dodged            ||    46

Illustrated notes

Table legend:
 A = Kills in this place as a percentage of kills in the entire game.
 B = Kills by you in this place as a percentage of kills by you in the entire game.
 C = Kills by friends in this place as a percentage of kills by friends in the entire game.
 D = Other kills in this place as a percentage of other kills in the entire game.
 E = Experience gained in this place as a percentage of experience gained in the entire game.
 F = Experience gained in this place divided by the number of levels of this place that you have seen.
                   A       B       C       D       E      F
               +-------+-------+-------+-------+-------+----------------------
         Total | 100.0 | 100.0 |   N/A |   N/A | 100.0 |  36.5
       Dungeon | 100.0 | 100.0 |   N/A |   N/A | 100.0 |  36.5
               +-------+-------+-------+-------+-------+----------------------

Table legend: (Time is in decaauts)
 A = Elapsed time spent in this place.
 B = Non-inter-level travel time spent in this place.
 C = Inter-level travel time spent in this place.
 D = Time resting spent in this place.
 E = Time spent auto-exploring this place.
 F = Levels seen in this place.
 G = Mean time per level.
                   A        B        C        D        E       F      G
               +--------+--------+--------+--------+--------+-----+--------+
         Total |    636 |    620 |     16 |     32 |    402 |   2 |  318.0 |
       Dungeon |    636 |    620 |     16 |     32 |    402 |   2 |  318.0 |
               +--------+--------+--------+--------+--------+-----+--------+

Top non-repeatable levels by time:
     D:1: 547 daAuts
     D:2: 88 daAuts
